 Dungeon Crawl Stone Soup version 0.25-a0-464-g3004169c2b (webtiles) character file.

Game seed: 1446967574831007405, levelgen mode: deterministic

61816 Helreginn the Basher (level 14, -26/135 HPs)
             Began as a Deep Dwarf Fighter on Feb 4, 2020.
             Was the Champion of Makhleb.
             Annihilated by Aizul (47 damage)
             ... on level 1 of the Snake Pit.
             The game lasted 01:30:03 (15724 turns).

Helreginn the Basher (Deep Dwarf Fighter)          Turns: 15724, Time: 01:30:03

Health: -26/135    AC: 19    Str: 25    XL:     14   Next: 62%
Magic:  19/19      EV:  7    Int: 15    God:    Makhleb [******]
Gold:   1614       SH:  0    Dex: 12    Spells: 13/13 levels left

rFire    + . .     SeeInvis .   a - +11 flail of Dithmenos's Vengeance {vamp, +Rage rElec Int+3 Stlth+}
rCold    . . .     Gourm    .   c - +0 shield
rNeg     + . .     Faith    .   D - +0 plate armour
rPois    .         Spirit   .   j - +1 helmet {Int+3}
rElec    +         Reflect  .   H - scarf {cloud immunity}
rCorr    .         Harm     .   q - +0 pair of gloves
MR       ++...                  (no boots)
Stlth    ..........             (no amulet)
HPRegen  0.00/turn              v - ring of protection from fire
MPRegen  0.16/turn              K - ring of stealth

@: lethally poisoned (-26 -> -40), sleeping, non-regenerating
A: damage resistance, heal wounds, negative energy resistance 1, sense
surroundings 2, no regeneration
a: Heal Wounds, Minor Destruction, Lesser Servant of Makhleb, Major Destruction,
Greater Servant of Makhleb, Renounce Religion, Evoke Berserk Rage


You were on level 1 of the Snake Pit.
You worshipped Makhleb.
Makhleb was exalted by your worship.
You were not hungry.

You visited 4 branches of the dungeon, and saw 19 of its levels.
You also visited: Ossuary and Volcano.

You collected 1614 gold pieces.

Inventory:

Hand Weapons
 a - the +11 flail of Dithmenos's Vengeance (weapon) {vamp, +Rage rElec Int+3 Stlth+}
   (You found it on level 6 of the Dungeon)

   It inflicts no extra harm, but heals its wielder when it wounds a living foe.
   It affects your intelligence (+3).
   It insulates you from electricity.
   It lets you go berserk.
   It makes you more stealthy.
 b - a +1 hand crossbow
 M - the +3 broad axe of Armageddon {drain, rElec}
   (You found it on level 10 of the Dungeon)

   A truly terrible weapon, it drains the life of those it strikes.
   It insulates you from electricity.
Missiles
 n - 156 bolts
 u - 93 poisoned darts (quivered)
Armour
 c - a +0 shield (worn)
 j - a +1 helmet of intelligence (worn)
 q - a +0 pair of gloves (worn)
 D - a +0 plate armour (worn)
 H - a scarf of cloud immunity (worn)
Jewellery
 v - a ring of protection from fire (left hand)
 K - a ring of stealth (right hand)
Wands
 s - a wand of digging (4)
 G - a wand of enslavement (10)
 Q - a wand of flame (15)
 R - a wand of clouds (4)
Scrolls
 e - 2 scrolls of blinking
 h - 9 scrolls of remove curse
 i - 5 scrolls of amnesia
 l - 13 scrolls of identify
 m - 11 scrolls of teleportation
 t - a scroll of random uselessness {unknown}
 x - 3 scrolls of fear {unknown}
 y - 2 scrolls of fog
 z - a scroll of noise {unknown}
 A - a scroll of magic mapping {unknown}
 B - 2 scrolls of enchant weapon
 C - 2 scrolls of vulnerability {unknown}
 P - 2 scrolls of immolation {unknown}
 S - a scroll of silence {unknown}
 T - a scroll of enchant armour {unknown}
Potions
 d - 6 potions of might
 g - a potion of flight
 k - 8 potions of curing
 o - a potion of heal wounds
 p - 5 potions of lignification
 r - 3 potions of berserk rage
 w - 2 potions of brilliance
 F - a potion of agility
 J - 2 potions of ambrosia {unknown}
 L - 2 potions of mutation {unknown}
 U - a potion of resistance {unknown}
Comestibles
 f - 27 rations
 E - 3 chunks of flesh


   Skills:
 + Level 11.3 Fighting
 - Level 9.0(12.6) Axes
 - Level 13.1(14.0) Maces & Flails
 + Level 12.5 Armour
 + Level 12.5 Shields
 * Level 9.9 Invocations


You had 13 spell levels left.
You didn't know any spells.
Your spell library contained the following spells:

 Spells                   Type           Power        Failure   Level  Hunger
 Animate Skeleton         Necr           N/A          97%         1    ##.....
 Corona                   Hex            #......      97%         1    ##.....
 Foxfire                  Conj/Fire      #...         97%         1    ##.....
 Infusion                 Chrm           #...         97%         1    ##.....
 Pain                     Necr           #...         97%         1    ##.....
 Summon Small Mammal      Summ           #...         97%         1    ##.....
 Call Imp                 Summ           #.......     99%         2    ###....
 Ensorcelled Hibernation  Hex/Ice        #.....       99%         2    ###....
 Shroud of Golubria       Chrm/Tloc      #.....       99%         2    ###....
 Song of Slaying          Chrm           #.......     99%         2    ###....
 Call Canine Familiar     Summ           #.......     100%        3    ####...
 Confusing Touch          Hex            #.......     100%        3    ####...
 Conjure Flame            Conj/Fire      #.......     100%        3    ####...
 Dazzling Flash           Conj/Hex       #.....       100%        3    ####...
 Inner Flame              Hex/Fire       #.......     100%        3    ####...
 Ozocubu's Armour         Chrm/Ice       #.......     100%        3    ####...
 Spectral Weapon          Hex/Chrm       #.......     100%        3    ####...
 Summon Guardian Golem    Hex/Summ       #.......     100%        3    ####...
 Tukima's Dance           Hex            #.......     100%        3    ####...
 Vampiric Draining        Necr           #.........   100%        3    ####...
 Animate Dead             Necr           N/A          100%        4    #####..
 Sticky Flame             Conj/Fire      #.......     100%        4    #####..
 Summon Ice Beast         Ice/Summ       #.......     100%        4    #####..
 Summon Lightning Spire   Summ/Air       #.......     100%        4    #####..
 Agony                    Necr           #.......     100%        5    ######.
 Fireball                 Conj/Fire      #.........   100%        5    ######.


Dungeon Overview and Level Annotations

Branches:
Dungeon (11/15)            Temple (1/1) D:5            Lair (6/6) D:11
 Shoals (0/4) Lair:2        Snake (1/4) Lair:2        Slime (0/5) Lair:5
    Orc (0/2) D:10        Ossuary (visited)         Volcano (visited)

Altars:
Hepliaklqana
Kikubaaqudgha
Makhleb
Nemelex Xobeh
Qazlal
Sif Muna
Trog
Yredelemnul
Jiyva

Shops:
D:8 }   D:10 [(=*}(   D:11 *

Annotations:
D:9 2 transporters, Wry's ghost, novice MiFi
Lair:5 1 runed translucent door, exclusions: door and 3 more exclusions
Snake:1 Aizul


Innate Abilities, Weirdness & Mutations

You are resistant to damage.
You can heal yourself by infusing magical energy.
You resist negative energy. (rN+)
You passively map the area around you.
You do not regenerate.


Message History

You sock Aizul!
Aizul is severely wounded.
Aizul hits you but does no damage.
You hit Aizul.
You feel better.
Aizul is severely wounded.
Aizul casts a spell at you. The bolt of poison hits you!!!
You are more poisoned.
* * * LOW HITPOINT WARNING * * *
You hit Aizul but do no damage.
Aizul is severely wounded.
You feel sick.
Aizul coils herself and waves her upper body at you.
You fall asleep.
Aizul hits you but does no damage.
You feel very sick. Aizul barely misses you.
You feel very sick. Aizul hits you!!!
You die...

.........######...#.†......####.#
.......... .........)..^.#.....
.........## .......)............
........## ,.###................
...., ,, *, ......#..#####......
#..# ., ###......# ##..... ##. ,
...###..###..# #..... #* , ,
.......###..)# #..... .(.* ,,
.......@...#.## ##.... #.. , ,
..###.S#####..## #.... . * * ,
#.# ##..# #.... ## * , #.. ##.#
#.... . * ,* * *#. #.## #.... # *
, ,*,.. #..####.... * , ^,.#*
##......... * * ..* ######.... *
, #####


You could see Aizul.

Vanquished Creatures
  4 hydras
  2 anacondas (Snake:1)
  A naga warrior (Snake:1)
  2 two-headed ogres
  8 death yaks
  A shock serpent (Snake:1)
  5 salamanders
  A cyclops (D:11)
  An ugly thing (D:10)
  A faun (Lair:4)
  A torpor snail (Lair:5)
  A naga mage (Snake:1)
  6 black mambas
  21 spiny frogs
  12 komodo dragons
  A rime drake (Lair:6)
  A kobold demonologist (D:8)
  4 tyrant leeches (Lair:6)
  2 trolls (D:11)
  A polar bear (Lair:3)
  Prince Ribbit (D:8)
  17 dream sheep
  24 blink frogs
  7 hippogriffs
  9 spriggans (Lair:1)
  4 basilisks
  A human (D:8)
  31 yaks
  Eustachio (D:5)
  3 fire bats (Volcano)
  6 hogs
  A steam dragon (D:8)
  A hungry ghost (D:7)
  6 vampire mosquitoes (Lair:6)
  8 nagas
  A hell hound (Volcano)
  8 water moccasins
  9 porcupines
  An ice beast (D:5)
  6 orc warriors
  2 sky beasts
  2 black bears
  4 phantoms
  An eye of draining (D:11)
  45 wolves
  A necrophage (D:11)
  9 ogres
  3 centaurs
  11 crocodiles
  9 big kobolds (D:8)
  A gnoll sergeant (D:7)
  21 bullfrogs
  A wyvern skeleton (D:9)
  7 scorpions
  13 killer bees
  3 electric eels
  5 howler monkeys
  8 crimson imps
  2 jellies
  8 orc wizards
  6 orc priests
  3 hounds
  A bullfrog skeleton (D:11)
  2 centaur skeletons
  An iguana (D:11)
  14 worker ants
  A hound skeleton (D:8)
  8 mummies (Ossuary)
  A worker ant zombie (D:5)
  5 gnolls
  15 adders
  A howler monkey skeleton (D:6)
  3 shadow imps
  4 oozes
  An adder zombie (D:8)
  3 worms
  2 dart slugs (D:1)
  4 leopard geckos
  33 orcs
  10 bats
  10 giant cockroaches
  A gnoll zombie (Ossuary)
  10 goblins
  10 hobgoblins
  9 jackals
  3 quokkas
  2 ball pythons (D:2)
  9 frilled lizards
  3 hobgoblin zombies (Ossuary)
  A jackal skeleton (D:6)
  22 kobolds
  2 kobold zombies (Ossuary)
  2 leopard gecko skeletons (D:8)
  2 orc zombies (Ossuary)
  10 rats
591 creatures vanquished.

Vanquished Creatures (collateral kills)
  A naga warrior (Snake:1)
  2 mana vipers (Snake:1)
  A black mamba (Snake:1)
4 creatures vanquished.

Vanquished Creatures (others)
  A two-headed ogre (Volcano)
  18 fungi (Lair:6)
  49 plants
68 creatures vanquished.

Grand Total: 663 creatures vanquished

Notes
Turn   | Place    | Note
-------+----------+-------------------------------------------
     0 | D:1      | Helreginn the Deep Dwarf Fighter began the quest for the
                  | Orb.
     0 | D:1      | Reached XP level 1. HP: 20/20 MP: 1/1
    56 | D:1      | Reached XP level 2. HP: 27/27 MP: 2/2
   319 | D:1      | Reached XP level 3. HP: 24/33 MP: 3/3
  1269 | D:2      | Reached XP level 4. HP: 28/42 MP: 4/4
  1617 | D:3      | Reached XP level 5. HP: 31/49 MP: 5/5
  2202 | D:4      | Noticed an ogre
  2211 | D:4      | Killed an ogre
  2211 | D:4      | Reached skill level 5 in Axes
  2211 | D:4      | Reached XP level 6. HP: 15/57 MP: 5/5
  3234 | D:5      | Entered Level 5 of the Dungeon
  3281 | D:5      | Reached XP level 7. HP: 44/64 MP: 6/6
  3327 | D:5      | Reached skill level 5 in Armour
  3382 | D:5      | Reached skill level 5 in Shields
  3423 | D:5      | Noticed Eustachio
  3489 | D:5      | Found a sand-covered staircase.
  3506 | D:5      | Killed Eustachio
  3506 | D:5      | Reached XP level 8. HP: 11/73 MP: 7/7
  3513 | Ossuary  | Entered an ossuary
  3852 | D:5      | Found a staircase to the Ecumenical Temple.
  3859 | Temple   | Entered the Ecumenical Temple
  3915 | Temple   | Became a worshipper of Makhleb the Destroyer
  4161 | D:5      | Found a sparkling altar of Nemelex Xobeh.
  4423 | D:6      | Reached skill level 5 in Fighting
  4712 | D:6      | Got a slimy flail
  4721 | D:6      | Identified the +11 flail of Dithmenos's Vengeance {vamp,
                  | +Rage rElec Int+3 Stlth+} (You found it on level 6 of the
                  | Dungeon)
  5317 | D:7      | Gained mutation: You passively map the area around you.
                  | [Deep Dwarf growth]
  5317 | D:7      | Reached XP level 9. HP: 63/81 MP: 7/7
  5326 | D:7      | Reached * piety under Makhleb
  5862 | D:7      | Reached skill level 1 in Maces & Flails
  5913 | D:7      | Reached skill level 2 in Maces & Flails
  6067 | D:8      | Found Lyse's Gadget Boutique.
  6254 | D:8      | Reached skill level 3 in Maces & Flails
  6271 | D:8      | Reached ** piety under Makhleb
  6315 | D:8      | Reached skill level 4 in Maces & Flails
  6320 | D:8      | Noticed a kobold demonologist
  6327 | D:8      | Killed a kobold demonologist
  6327 | D:8      | Reached XP level 10. HP: 92/92 MP: 8/8
  6379 | D:8      | Noticed a six-headed hydra
  6389 | D:8      | Killed a six-headed hydra
  6389 | D:8      | Reached skill level 5 in Maces & Flails
  6498 | D:8      | Got a smoking ring mail
  6509 | D:8      | Identified the cursed +0 ring mail "Dinut" {*Corrode Str+6
                  | Dex-3 SInv} (You found it on level 8 of the Dungeon)
  6664 | D:8      | Noticed Prince Ribbit
  6676 | D:8      | Killed Prince Ribbit
  6855 | D:8      | Reached skill level 6 in Maces & Flails
  7106 | D:9      | Reached *** piety under Makhleb
  7240 | D:9      | Found a transporter.
  7252 | D:9      | Noticed a moth of wrath
  7252 | D:9      | Noticed Wry's ghost (novice MiFi)
  7269 | D:9      | Found a transporter.
  7270 | D:9      | Noticed a wolf spider
  7418 | D:9      | Found a hazy altar of Hepliaklqana.
  7576 | D:10     | Entered Level 10 of the Dungeon
  7581 | D:10     | Noticed a two-headed ogre
  7600 | D:10     | Killed a two-headed ogre
  7600 | D:10     | Reached skill level 7 in Maces & Flails
  7662 | D:10     | Found Isteg's Assorted Antiques.
  7675 | D:10     | Reached XP level 11. HP: 95/100 MP: 9/9
  7712 | D:10     | Found a staircase to the Orcish Mines.
  7712 | D:10     | Found Acull's Weapon Shop.
  7783 | D:10     | Found Naasoeb's Weapon Shoppe.
  7785 | D:10     | Noticed a purple ugly thing
  7791 | D:10     | Killed a purple ugly thing
  7887 | D:10     | Found Jazap's Antique Armour Shoppe.
  7965 | D:10     | Found Fostroma's Gadget Shop.
  7992 | D:10     | Found Sikkath's Jewellery Shop.
  8001 | D:10     | Got a crude broad axe
  8002 | D:10     | Identified the +3 broad axe of Armageddon {drain, rElec}
                  | (You found it on level 10 of the Dungeon)
  8109 | D:11     | Reached **** piety under Makhleb
  8160 | D:11     | Reached skill level 8 in Maces & Flails
  8287 | D:11     | Found Cioson's Assorted Antiques.
  8457 | D:11     | Reached skill level 9 in Maces & Flails
  8481 | D:11     | Found a staircase to the Lair.
  8509 | D:11     | Reached ***** piety under Makhleb
  8516 | D:11     | Reached skill level 10 in Armour
  8564 | D:11     | Reached skill level 10 in Shields
  8644 | D:11     | Noticed a two-headed ogre
  8667 | D:11     | Killed a two-headed ogre
  8944 | Lair:1   | Entered Level 1 of the Lair of Beasts
  9069 | Lair:1   | Reached skill level 1 in Invocations
  9069 | Lair:1   | Reached XP level 12. HP: 102/112 MP: 10/10
  9275 | Lair:1   | Reached skill level 10 in Maces & Flails
 10069 | Lair:2   | Reached skill level 5 in Invocations
 10079 | Lair:2   | Found a staircase to the Snake Pit.
 10210 | Lair:2   | Found a staircase to the Shoals.
 10672 | Lair:3   | Noticed a seven-headed hydra
 10688 | Lair:3   | Killed a seven-headed hydra
 10908 | Lair:3   | Reached skill level 11 in Maces & Flails
 11377 | Lair:4   | Noticed a five-headed hydra
 11398 | Lair:3   | Killed a five-headed hydra
 11479 | Lair:4   | Reached XP level 13. HP: 115/122 MP: 16/16
 11618 | Lair:4   | Reached ****** piety under Makhleb
 11893 | Lair:4   | Found a dark tunnel.
 11921 | Volcano  | Entered a volcano
 12019 | Volcano  | Reached skill level 12 in Maces & Flails
 12049 | Volcano  | Reached skill level 10 in Fighting
 12916 | Lair:5   | Found a runed translucent door.
 12920 | Lair:5   | Found a viscous altar of Jiyva.
 12920 | Lair:5   | Noticed an acid blob
 12921 | Lair:5   | Noticed an acid blob
 12922 | Lair:5   | Found a staircase to the Slime Pits.
 13642 | Lair:6   | Entered Level 6 of the Lair of Beasts
 13884 | Lair:6   | Reached skill level 13 in Maces & Flails
 14139 | Lair:6   | Gained mutation: You resist negative energy. (rN+) [Deep
                  | Dwarf growth]
 14139 | Lair:6   | Reached XP level 14. HP: 133/133 MP: 17/17
 15323 | Snake:1  | Entered Level 1 of the Snake Pit
 15695 | Snake:1  | Noticed Aizul
 15724 | Snake:1  | Annihilated by Aizul

Levels and vault maps discovered:
D:1:      dpeg_arrival_rooms_c, layout_loops_ring, minmay_quantized
D:2:      layout_loops_ring
D:3:      layout_loops_ring
D:4:      cheibrodos_quashed, layout_layer_cave
D:5:      layout_loops_ring, minmay_temple_entry_arrows,
          nicolae_ossuary_entry_monument, first_ration,
          nemelex_spade_bored_becter, uniq_eustachio
D:6:      layout_basic, chequers_serial_rivers_micro_c, hex_large
D:7:      layout_basic
D:8:      layout_basic, special_room [special_room_kobold], serial_shops, shop,
          grunt_livestock, uniq_prince_ribbit1
D:9:      layout_big_octagon, kennysheep_mini, gammafunk_ghost_berserking_beasts
D:10:     layout_roguey, orc_david_3, serial_shops, nicolae_shop_statue_plus,
          kennysheep_mini_moat, shop, shop, shop_fountains
D:11:     layout_loops_cross, lair_entry_dummy, serial_shops, shop
Temple:   roderic_octagonal_lattice_temple
Lair:1:   kb_forest_paths, layout_gridlike
Lair:2:   layout_loops_ring, elwin_shoals_entry_rooms,
          minmay_snake_entry_guardpost_small
Lair:3:   layout_chaotic_city, serial_rivers, chequers_serial_rivers_small_a,
          chequers_serial_rivers_room_a, chequers_serial_rivers_room_a,
          chequers_serial_rivers_micro_d, chequers_serial_rivers_marsh,
          chequers_serial_rivers_large_b
Lair:4:   layout_roguey, nicolae_volcano_entry_lava_flow,
          grunt_forest_large_clearings, lemuel_fruit_tree
Lair:5:   layout_misc_corridors, slime_altar_2, beast_lair_carwin_8
Lair:6:   minmay_lair_end_frog_pond, layout_long_grid, uniq_kirke
Snake:1:  layout_rooms, uniq_aizul

Skill      XL: |  1  2  3  4  5  6  7  8  9 10 11 12 13 14 |
---------------+-------------------------------------------+-----
Axes           | 3 4 5 7 8 9 |  9.0
Fighting       | 3 4 5 6 7 8 9 10 11 | 11.3
Armour         | 4 5 6 7 9 10 11 12 | 12.5
Shields        | 4 5 6 7 9 10 11 12 | 12.5
Maces & Flails | 4 7 9 11 13 | 13.1
Invocations    | 1 7 9 |  9.9

Action                   |  1- 3 |  4- 6 |  7- 9 | 10-12 | 13-15 || total
-------------------------+-------+-------+-------+-------+-------++-------
Melee: War axe           |    90 |       |       |       |       ||    90
       Hand axe          |    41 |   170 |   178 |       |       ||   389
       Flail             |       |       |   211 |   828 |   850 ||  1889
 Fire: Hand crossbow     |       |       |       |    17 |    29 ||    46
Throw: Javelin           |       |     4 |    25 |       |       ||    29
       Dart              |       |    11 |       |     8 |     2 ||    21
Invok: Minor Destruction |       |       |       |     1 |       ||     1
       Greater Servant o |       |       |       |       |     1 ||     1
 Abil: Heal Wounds       |       |     3 |     5 |       |       ||     8
       Evoke Berserk Rag |       |       |     1 |       |       ||     1
  Use: Potion            |       |     2 |     1 |     3 |     8 ||    14
       Scroll            |       |       |     3 |     9 |     2 ||    14
 Stab: Distracted        |       |       |       |       |     1 ||     1
  Eat: Chunk             |     1 |     5 |     7 |    10 |     7 ||    30
       Ration            |       |     1 |     2 |     3 |     2 ||     8
Armor: Scale mail        |    66 |       |       |       |       ||    66
       Chain mail        |    20 |    77 |   177 |    17 |       ||   291
       Plate armour      |       |       |       |   420 |   321 ||   741
Dodge: Dodged            |    29 |    31 |    99 |   185 |   141 ||   485
Block: Shield            |    71 |    61 |   213 |   540 |   422 ||  1307

Table legend:
 A = Non-vault XP
 B = Vault XP
 C = Vault XP percentage of total XP
 D = Non-vault monster count
 E = Vault monster count
 F = Vault count percentage of total count
                 A         B        C        D         E       F
            +---------+---------+-------+---------+---------+-------
      Total |   62388 |   25921 |  29.4 |     442 |     153 |  25.7
            +---------+---------+-------+---------+---------+-------
        D:1 |      56 |       9 |  13.8 |      26 |       6 |  18.8
        D:2 |      49 |       0 |   0.0 |      19 |       0 |   0.0
        D:3 |     138 |       0 |   0.0 |      33 |       0 |   0.0
        D:4 |     388 |       0 |   0.0 |      15 |       0 |   0.0
        D:5 |     795 |     197 |  19.9 |      21 |       1 |   4.5
        D:6 |     600 |       0 |   0.0 |      17 |       0 |   0.0
        D:7 |    1655 |       0 |   0.0 |      35 |       0 |   0.0
        D:8 |    2205 |    2458 |  52.7 |      20 |      28 |  58.3
        D:9 |    1153 |       0 |   0.0 |      19 |       0 |   0.0
       D:10 |    3055 |     401 |  11.6 |      16 |       6 |  27.3
       D:11 |    7708 |       0 |   0.0 |      60 |       0 |   0.0
     Lair:1 |    1412 |    2702 |  65.7 |       9 |      13 |  59.1
     Lair:2 |    3331 |     642 |  16.2 |      22 |       4 |  15.4
     Lair:3 |    8011 |     583 |   6.8 |      30 |       5 |  14.3
     Lair:4 |    6605 |    1910 |  22.4 |      28 |      13 |  31.7
     Lair:5 |    4843 |    1310 |  21.3 |      19 |       3 |  13.6
     Lair:6 |   11745 |   12731 |  52.0 |      35 |      50 |  58.8
    Snake:1 |    8639 |       0 |   0.0 |      18 |       0 |   0.0
    Ossuary |       0 |     159 | 100.0 |       0 |      16 | 100.0
    Volcano |       0 |    2819 | 100.0 |       0 |       8 | 100.0
            +---------+---------+-------+---------+---------+-------
